 Dungeon Crawl Stone Soup version 0.27-a0-1065-ge809cff456 (webtiles) character file.

Game seed: 695436461005640749

12 flotson the Covert (level 2, -2/29 HPs)
             Began as a Gnoll Delver on Apr 23, 2021.
             Slain by a river rat (6 damage)
             ... on level 4 of the Dungeon.
             The game lasted 00:01:43 (396 turns).

flotson the Covert (Gnoll Delver)                    Turns: 396, Time: 00:01:43

Health: -2/29      AC:  5    Str: 11    XL:     2   Next: 33%
Magic:  2/2        EV: 11    Int:  9    God:
Gold:   0          SH:  0    Dex: 13    Spells: 1/1 levels left

rFire    . . .     SeeInvis .   a - +0 hand axe
rCold    . . .     Faith    .   (no shield)
rNeg     . . .     Spirit   .   d - +0 ring mail {rPois}
rPois    +         Reflect  .   (no helmet)
rElec    .         Harm     .   (no cloak)
rCorr    .         Rampage  .   (no gloves)
Will     .....                  (no boots)
Stlth    +++.......             (no amulet)
HPRegen  0.09/turn              (no ring)
MPRegen  0.08/turn              (no ring)

@: no status effects
A: fangs 1, strong nose, distributed training
a: no special abilities


You were on level 4 of the Dungeon.
You visited 1 branch of the dungeon, and saw 2 of its levels.

Inventory:

Hand Weapons
 a - a +0 hand axe (weapon)
Armour
 d - a +0 ring mail of poison resistance (worn)
Wands
 g - a wand of digging (3)
Scrolls
 b - a scroll of identify {unknown}
 c - a scroll of fog
 h - a scroll of enchant weapon {unknown}
Potions
 f - a potion of haste
 i - a potion of mutation {unknown}


   Skills:
 + Level 6.4 Fighting
 + Level 0.3 Short Blades
 + Level 0.3 Long Blades
 + Level 4.4 Axes
 + Level 0.3 Maces & Flails
 + Level 0.3 Polearms
 + Level 0.3 Staves
 + Level 0.3 Slings
 + Level 0.3 Bows
 + Level 0.3 Crossbows
 + Level 0.3 Throwing
 + Level 0.3 Armour
 + Level 4.4 Dodging
 + Level 9.5 Stealth
 + Level 0.3 Shields
 + Level 0.3 Unarmed Combat
 + Level 0.3 Spellcasting
 + Level 0.2 Conjurations
 + Level 0.2 Hexes
 + Level 0.2 Summonings
 + Level 0.2 Necromancy
 + Level 0.2 Translocations
 + Level 0.2 Transmutations
 + Level 0.2 Fire Magic
 + Level 0.2 Ice Magic
 + Level 0.2 Air Magic
 + Level 0.2 Earth Magic
 + Level 0.2 Poison Magic
 + Level 0.4 Invocations
 + Level 0.3 Evocations


You had one spell level left.
You didn't know any spells.
Your spell library was empty.

Dungeon Overview and Level Annotations

Branches:
Dungeon (5/15)             Temple (0/1) D:5

Altars:

Shops:
D:5 *

Portals:
Sewer: D:4

Annotations:
D:5 1 transporter


Innate Abilities, Weirdness & Mutations

You have very sharp teeth.
Your uncanny sense of smell can sniff out nearby items.
Your experience applies equally to all skills.


Message History

You hear the rusting of a distant drain.
You start resting.
You hear the rusting of a distant drain.
You start resting.
HP restored.
Things that are here:
a rat corpse; a ball python corpse A river rat comes into view.
You enter the shallow water.
Moving in this stuff is going to be slow.
The river rat bites you! The river rat bites you.
You open the door.
A river rat and a giant cockroach come into view.
The river rat bites you.
Found a glowing drain.
A rat comes into view.
The worm bites you. The river rat misses you.
There is an open door here.
You hit the giant cockroach.
The giant cockroach is severely wounded.
You completely miss the worm. You hit the river rat but do no damage.
The giant cockroach completely misses you.
You hit the giant cockroach but do no damage.
The giant cockroach is severely wounded.
You hit the worm. You hit the river rat.
The worm splashes around in the water.
The giant cockroach bites you. The river rat bites you.
You hit the giant cockroach but do no damage.
The giant cockroach is heavily wounded.
You closely miss the river rat. You hit the worm but do no damage.
You barely miss the river rat. The river rat bites you.
* * * LOW HITPOINT WARNING * * *
The giant cockroach barely misses you. The river rat bites you.
* * * LOW HITPOINT WARNING * * *
The worm splashes around in the water.
The river rat closely misses you.
You hit the giant cockroach.
You kill the giant cockroach!
You barely miss the river rat. You hit the worm. You hit the river rat.
The river rat bites you but does no damage.
The river rat bites you.
You die...

#.# #.# #†#
#.#########
#.........#
#......≈.≈#
#....≈.≈≈≈#
#...≈≈wr≈≈#
#...≈r@##+#
#..≈≈≈#†r≈#
#..≈≈≈#≈∩≈#
##..≈≈#r≈≈#
##########


You could see a worm, 3 river rats and a rat (asleep).

Vanquished Creatures
  An adder (D:4)
  A giant cockroach (D:4)
  2 ball pythons (D:4)
  A kobold (D:4)
  A rat (D:4)
6 creatures vanquished.

Notes
Turn   | Place    | Note
-------+----------+-------------------------------------------
     0 | D:5      | Reached skill level 9 in Stealth
     0 | D:5      | flotson the Gnoll Delver began the quest for the Orb.
     0 | D:5      | Reached XP level 1. HP: 23/23 MP: 1/1
     1 | D:5      | Found Fivu's General Store.
    25 | D:5      | Found a transporter.
    25 | D:5      | Noticed an electric eel
    56 | D:5      | Noticed a water moccasin
   155 | D:4      | Reached XP level 2. HP: 15/29 MP: 2/2
   391 | D:4      | Found a glowing drain.
   396 | D:4      | Slain by a river rat

Illustrated notes

Levels and vault maps discovered:
D:4:      layout_basic, portal_sewer_entry_e, minmay_manual_macuahuitl
D:5:      gammafunk_steamed_eel, layout_basic, minmay_temple_entry_nine_rooms,
          serial_shops, nicolae_shop_waterfront, minmay_manual_monolith

Skill      XL: | |
---------------+-+-----
Stealth        | |  9.5
Fighting       | |  6.4
Short Blades   | |  0.3
Long Blades    | |  0.3
Axes           | |  4.4
Maces & Flails | |  0.3
Polearms       | |  0.3
Staves         | |  0.3
Slings         | |  0.3
Bows           | |  0.3
Crossbows      | |  0.3
Throwing       | |  0.3
Armour         | |  0.3
Dodging        | |  4.4
Shields        | |  0.3
Unarmed Combat | |  0.3
Spellcasting   | |  0.3
Conjurations   | |  0.2
Hexes          | |  0.2
Summonings     | |  0.2
Necromancy     | |  0.2
Translocations | |  0.2
Transmutations | |  0.2
Fire Magic     | |  0.2
Ice Magic      | |  0.2
Air Magic      | |  0.2
Earth Magic    | |  0.2
Poison Magic   | |  0.2
Invocations    | |  0.4
Evocations     | |  0.3

Action                   || total
-------------------------++-------
Melee: Hand axe          ||    24
       Bite              ||     2
  Use: Scroll            ||     3
Armor: Ring mail         ||    10
Dodge: Dodged            ||    13

Table legend: (Time is in decaauts)
 A = Elapsed time spent in this place.
 B = Non-inter-level travel time spent in this place.
 C = Inter-level travel time spent in this place.
 D = Time resting spent in this place.
 E = Time spent auto-exploring this place.
 F = Levels seen in this place.
 G = Mean time per level.
                   A        B        C        D        E       F      G
               +--------+--------+--------+--------+--------+-----+--------+
         Total |    398 |    398 |      0 |    173 |     57 |   2 |  199.0 |
       Dungeon |    398 |    398 |      0 |    173 |     57 |   2 |  199.0 |
               +--------+--------+--------+--------+--------+-----+--------+

Top non-repeatable levels by time:
     D:4: 279 daAuts
     D:5: 119 daAuts
